Map: 破晓之战 - 天梯版 (虚空)

Players

iAsonu

  • Race: Zerg Zerg
  • Spawn Location: 7:00

Elazer - Winner!

  • Race: Zerg Zerg
  • Spawn Location: 1:00

Event: WESG 2016 Finals

VOD

Have the link to the VOD?

Description

Time

  • Played on: Jan. 13, 2017, 2:40 a.m.
  • Length: 9:29

All games in this series

Show
View Real Time Build Order
Export as new Build Order

iAsonu Zerg 

Build Orders: Hatch First 

Get SALT Encoding   

  12  0:00  Drone  
  13  0:13  Overlord  
  13  0:17  Drone  
  14  0:31  Drone x2  
  14  0:35  Drone  
  17  0:52  Hatchery  
  17  0:55  Drone  
  17  0:58  Drone  
  18  1:09  Extractor  
  17  1:13  Spawning Pool  
  17  1:16  Drone  
  17  1:20  Drone  
  18  1:30  Drone  
  19  1:40  Overlord  
  19  1:51  Drone  
  20  1:59  Queen  
  20  2:00  Drone  
  23  2:04  Queen  
  23  2:05  Zergling x2  
  26  2:09  Metabolic Boost  
  26  2:12  Drone  
  27  2:16  Drone  
  27  2:22  Drone  
  29  2:33  Drone  
  30  2:37  Hatchery  
  30  2:41  Drone x2  
  31  2:46  Overlord  
  31  2:51  Drone  
  31  2:57  Baneling Nest  
  31  3:10  Zergling x14  
  38  3:13  Zergling x2  
  38  3:15  Zergling x2  
  38  3:17  Zergling x2  
  41  3:23  Overlord  
  41  3:32  Zergling x2  
  41  3:33  Zergling x4  
  44  3:42  Baneling  
  44  3:43  Zergling x6  
  44  3:44  Zergling x6  
  49  3:51  Overlord  
  49  3:54  Drone  
  49  4:06  Drone  
  49  4:07  Baneling x3  
  47  4:13  Queen  
  43  4:25  Drone  
  43  4:28  Zergling x4  
  43  4:29  Zergling x4  
  46  4:31  Roach Warren  
  46  4:34  Drone  
  46  4:37  Drone  
  47  4:38  Overlord  
  47  4:44  Drone  
  48  4:49  Drone, Overlord  
  48  4:50  Baneling x2  
  48  4:52  Extractor  
  47  4:54  Extractor  
  47  4:55  Drone x2  
  47  4:59  Drone x2  
  50  5:03  Drone x2  
  52  5:07  Drone  
  52  5:11  Drone  
  55  5:14  Drone  
  55  5:17  Drone x2  
  55  5:20  Drone x2  
  58  5:23  Overlord x2  
  58  5:32  Overlord  
  58  5:36  Drone x2  
  58  5:38  Drone  
  58  5:39  Drone  
  58  5:41  Overlord  
  61  5:43  Roach x4  
  61  5:46  Roach  
  61  5:47  Roach  
  73  5:51  Roach  
  73  5:54  Roach, Evolution Chamber  
  73  5:56  Roach  
  77  5:59  Roach  
  77  6:03  Lair  
  79  6:08  Ravager x3  
  79  6:10  Ravager  
  83  6:12  Drone x4  
  83  6:18  Roach x3  
  92  6:25  Drone  
  92  6:26  Roach x2  
  92  6:29  Overlord  
  97  6:36  Overlord  
  97  6:38  Zerg Missile Weapons Level 1  
  96  6:49  Drone x6  
  96  6:50  Drone x3  
  96  6:51  Drone  
  96  6:52  Drone  
  96  6:53  Overlord  
  105  7:01  Drone x2  
  105  7:02  Drone x2  
  105  7:03  Glial Reconstitution  
  105  7:08  Extractor x2  
  107  7:12  Drone  
  107  7:13  Overseer  
  108  7:15  Overlord  
  108  7:16  Extractor  
  108  7:17  Drone x2  
  108  7:19  Drone  
  108  7:20  Drone x5  
  115  7:28  Spire, Overlord  
  114  7:33  Roach x3  
  120  7:39  Overseer  
  120  7:43  Roach, Hatchery  
  120  7:44  Roach  
  123  7:51  Overlord x2  
  123  7:54  Roach x4  
  131  8:09  Overlord  
  133  8:13  Roach x8  
  144  8:20  Roach x4  
  144  8:22  Overlord  
  144  8:25  Overlord  
  152  8:31  Overlord  
  145  8:37  Roach x3  
  145  8:38  Roach x2  
  132  8:47  Roach x4  
  118  8:49  Roach  
  118  8:50  Roach  
  118  8:53  Roach  
  118  8:54  Roach  
  99  9:01  Roach x2  
  84  9:03  Roach  
  84  9:04  Roach  
  84  9:08  Roach  
  81  9:10  Roach  
Show
View Real Time Build Order
Export as new Build Order

Elazer Zerg - Winner!

Build Orders: Hatch First, Zergling Baneling 

Get SALT Encoding   

  12  0:00  Drone  
  13  0:12  Overlord  
  13  0:17  Drone  
  14  0:31  Drone x2  
  14  0:34  Drone  
  17  0:52  Hatchery  
  17  0:55  Drone  
  17  0:59  Drone  
  18  1:10  Extractor  
  17  1:14  Spawning Pool  
  17  1:17  Drone  
  17  1:20  Drone  
  18  1:29  Drone  
  19  1:39  Overlord  
  19  1:50  Drone  
  20  2:00  Queen  
  20  2:01  Drone  
  23  2:03  Queen  
  23  2:04  Drone  
  26  2:09  Metabolic Boost  
  26  2:11  Drone  
  27  2:28  Hatchery  
  26  2:31  Drone  
  26  2:33  Zergling x2  
  28  2:40  Queen  
  30  2:45  Overlord  
  30  2:48  Drone  
  30  2:50  Drone  
  32  2:53  Drone  
  33  3:02  Baneling Nest  
  33  3:03  Drone  
  33  3:08  Drone  
  33  3:09  Zergling x2  
  33  3:11  Drone x2  
  37  3:16  Overlord  
  37  3:19  Drone x2  
  39  3:24  Drone x2  
  39  3:26  Drone  
  42  3:31  Drone x2  
  44  3:37  Zergling x2  
  45  3:41  Zergling x2  
  45  3:42  Zergling x2  
  45  3:45  Zergling x8  
  45  3:46  Baneling x3  
  51  3:49  Zergling x2  
  51  3:50  Zergling x2  
  51  3:55  Zergling x2  
  51  3:56  Zergling x4  
  51  4:17  Hatchery, Queen, Overlord  
  50  4:25  Zergling x2  
  50  4:26  Overlord  
  50  4:27  Baneling x3  
  51  4:35  Queen  
  51  4:38  Baneling x2  
  54  4:46  Drone x2, Overlord  
  55  4:55  Drone x2  
  55  4:57  Extractor  
  55  4:58  Roach Warren, Hatchery  
  54  5:01  Overlord  
  54  5:05  Drone  
  54  5:06  Drone, Extractor  
  55  5:10  Drone  
  55  5:17  Overlord  
  54  5:21  Overlord  
  54  5:23  Drone  
  54  5:25  Drone x2  
  54  5:26  Drone  
  58  5:38  Overlord  
  58  5:41  Drone  
  58  5:42  Evolution Chamber  
  58  5:44  Roach x2  
  62  5:50  Roach x3  
  62  5:52  Lair  
  62  5:54  Roach  
  69  5:59  Roach  
  71  6:09  Drone x5  
  76  6:13  Zerg Missile Weapons Level 1  
  75  6:21  Roach x6  
  75  6:24  Overlord  
  86  6:28  Roach  
  88  6:33  Overlord  
  88  6:36  Roach  
  88  6:39  Roach x3  
  96  6:44  Overlord  
  96  6:47  Drone  
  96  6:48  Extractor  
  96  6:50  Glial Reconstitution  
  96  6:51  Drone  
  96  6:53  Drone  
  96  6:54  Drone  
  96  6:56  Overlord  
  96  6:57  Roach  
  96  6:58  Roach  
  101  7:01  Overlord  
  101  7:02  Roach  
  101  7:03  Roach x2  
  107  7:08  Roach  
  107  7:09  Roach  
  107  7:12  Overlord  
  111  7:16  Roach x2  
  111  7:18  Roach  
  111  7:21  Overlord  
  117  7:26  Roach x2  
  117  7:28  Roach  
  123  7:30  Roach  
  123  7:32  Roach  
  123  7:34  Roach  
  123  7:36  Zergling x8  
  133  7:41  Ravager  
  133  7:44  Zergling x10  
  139  7:51  Ravager  
  139  7:53  Zergling x2  
  139  7:54  Zergling x4  
  139  7:57  Ravager  
  144  8:00  Zergling x12  
  144  8:02  Zergling x2  
  144  8:05  Overlord  
  151  8:09  Ravager x2  
  152  8:15  Zergling x2  
  153  8:25  Zergling x2  
  153  8:26  Zergling x12  
  151  8:39  Zergling x14  
  142  8:47  Zergling x6  
  125  8:55  Ravager  
  125  8:56  Ravager  
  125  9:01  Zergling x10  
  125  9:02  Ravager  
  129  9:03  Ravager x2  
  125  9:11  Zergling x4  
Tags
 
Add a new tag
Caveats
  • Supply blocks, unpowered buildings, or Contaminate may cause inaccurate times.
  • Supply counts are checked every 10 seconds.